[Event "Team 45 45 League T88"]
[Site "Internet Chess Club"]
[Date "2021.05.29"]
[Round "8"]
[White "primerpaso"]
[Black "MacroPawn"]
[Result "1/2-1/2"]
[WhiteElo "1843"]
[BlackElo "1832"]
[Opening "English: symmetrical variation"]
[ECO "A38"]
[Time "10:06:48"]
[TimeControl "2700+45"]

1. c4 c5 2. Nc3 g6 3. g3 Nc6 4. Bg2 Bg7 5. Nf3 Nf6 6. d4 cxd4 7. Nxd4 O-O 8. O-O
Nxd4 9. Qxd4 d6 10. Qh4 Re8 11. Rd1 Qa5 12. Bg5 Rb8 13. Rac1 Be6 14. a3 Rec8 15.
Nb5 d5 16. b4 Qa6 17. Bf4 dxc4 18. Bxb8 Qxb5 19. Bf4 c3 20. Qg5 Qxe2 21. Bxb7
Ng4 {Game drawn by mutual agreement} 1/2-1/2

[Event "Team 45 45 League T88"]
[Site "Internet Chess Club"]
[Date "2021.05.28"]
[Round "8"]
[White "gera-carp75"]
[Black "QuieroAprender"]
[Result "1/2-1/2"]
[WhiteElo "1828"]
[BlackElo "1691"]
[Opening "Hungarian defense"]
[ECO "C50"]
[Time "15:07:42"]
[TimeControl "2700+45"]

1. e4 e5 2. Nf3 Nc6 3. Bc4 Be7 4. d3 Nf6 5. O-O d6 6. c3 Be6 7. Bb5 Bd7 8. Re1
a6 9. Ba4 h6 10. Nbd2 O-O 11. Nf1 Nh5 12. h3 Nf4 13. Bxf4 exf4 14. d4 g5 15. Bc2
Bf6 16. Qd3 Bg7 17. e5 Re8 18. Qh7+ Kf8 19. exd6 Rxe1 20. Rxe1 cxd6 21. N1d2 Ne7
22. Nh2 Nd5 23. Ng4 Bxg4 24. hxg4 Nf6 25. Qf5 Qd7 26. Qxd7 Nxd7 27. Nc4 d5 28.
Nd6 Nf6 29. Bf5 Rd8 30. Nxb7 Rb8 31. Nc5 Rxb2 32. a4 Rb6 33. f3 h5 34. gxh5 Rc6
35. Nd7+ Kg8 36. Nc5 Nxh5 37. Re8+ Bf8 38. Nd7 Ng3 39. Rxf8+ Kg7 40. Rxf7+ Kxf7
41. Ne5+ Kf6 42. Nxc6 Nxf5 43. Nb4 Ne3 44. Nxa6 Nd1 45. Nc5 Nxc3 46. Kf2 Ke7 47.
Ke1 Kd6 48. Kd2 Nb1+ 49. Kd3 Na3 50. a5 Nb5 51. Na4 Nc7 52. Nc3 Kc6 53. Kc2 Nb5
54. Ne2 Kb7 55. Kd3 Ka6 56. g3 fxg3 57. Nxg3 Kxa5 58. Nf5 Nc7 {Game drawn by
mutual agreement} 1/2-1/2

[Event "Team 45 45 League T88"]
[Site "Internet Chess Club"]
[Date "2021.05.27"]
[Round "8"]
[White "Portola"]
[Black "evan7284"]
[Result "0-1"]
[WhiteElo "1677"]
[BlackElo "1698"]
[Opening "Queen's pawn game"]
[ECO "D02"]
[Time "14:30:18"]
[TimeControl "2700+45"]

1. d4 d5 2. Nf3 Bf5 3. Bg5 Nf6 4. e3 e6 5. Nbd2 h6 6. Bh4 g5 7. Bg3 Bd6 8. Ne5
Nbd7 9. Nxd7 Qxd7 10. c3 O-O-O 11. Bxd6 Qxd6 12. Qa4 Kb8 13. c4 e5 14. c5 Qe7
15. Rc1 exd4 16. Qxd4 Ne4 17. Nb3 Rhe8 18. Bb5 c6 19. Be2 Bd7 20. a4 f5 21. O-O
g4 22. Na5 Bc8 23. b4 Qc7 24. Nb3 Qe5 25. b5 Qxd4 26. Nxd4 Bd7 27. bxc6 bxc6 28.
Ba6 Kc7 29. Bd3 Rb8 30. Bxe4 fxe4 31. Rb1 Rxb1 32. Rxb1 Rb8 33. Rxb8 Kxb8 34.
Kf1 Kb7 35. f3 exf3 36. gxf3 gxf3 37. Nxf3 Ka6 38. Ne5 Be8 39. Ke2 Ka5 40. Kd3
Kxa4 41. Kc3 Kb5 42. Nd3 a5 43. Kd4 a4 44. Nc1 Kb4 45. Na2+ Kb3 46. Nc3 a3 47.
Kd3 a2 48. Nxa2 Kxa2 49. Kc2 Bg6+ 50. Kc3 Ka3 51. Kd4 Kb4 52. h3 Be4 53. h4 h5
{White resigns} 0-1

[Event "Team 45 45 League T88"]
[Site "Internet Chess Club"]
[Date "2021.05.31"]
[Round "8"]
[White "dabodhi"]
[Black "andrew37"]
[Result "1-0"]
[WhiteElo "1627"]
[BlackElo "1611"]
[Opening "Sicilian defense"]
[ECO "B40"]
[Time "17:03:08"]
[TimeControl "2700+45"]

1. e4 c5 2. Nf3 e6 3. Nc3 Nc6 4. Bb5 Nd4 5. Bd3 Ne7 6. O-O Ng6 7. b3 Be7 8. Nxd4
cxd4 9. Ne2 e5 10. f4 exf4 11. Nxf4 O-O 12. Nd5 d6 13. Bb2 Ne5 14. Bxd4 Bg4 15.
Be2 Be6 16. c4 Bxd5 17. exd5 Bf6 18. Be3 Qe7 19. Rb1 Rfe8 20. Re1 a6 21. Bb6 Nd7
22. Bf2 Qe4 23. Bg4 Qd3 24. Bxd7 Red8 25. Re3 Qg6 26. Rg3 Qe4 27. Bh3 Be5 28.
Re3 Qg6 29. Rf3 Re8 30. d4 Bf6 31. Bf5 Qg5 32. Qd3 Re7 33. Rg3 Qf4 34. Rf1 Qh6
35. Rh3 Qg5 36. Bxh7+ Kf8 37. Bh4 Qg4 38. Bxf6 gxf6 39. Rg3 {Black resigns} 1-0

[Event "Team 45 45 League T88"]
[Site "Internet Chess Club"]
[Date "2021.05.28"]
[Round "8"]
[White "fledermaus"]
[Black "zugknightly"]
[Result "0-1"]
[WhiteElo "1853"]
[BlackElo "1925"]
[Opening "King's Indian: Kazakh variation"]
[ECO "E91"]
[Time "13:03:17"]
[TimeControl "2700+45"]

1. d4 Nf6 2. c4 g6 3. Nc3 Bg7 4. e4 d6 5. Nf3 O-O 6. Be2 Na6 7. O-O e5 8. Bg5 h6
9. Be3 Ng4 10. Bc1 Kh7 11. dxe5 Nxe5 12. Nxe5 Bxe5 13. f4 Bxc3 14. bxc3 Nc5 15.
Bf3 Rb8 16. Be3 b6 17. Qd4 f5 18. exf5 Bxf5 19. g4 Bc8 20. Qd2 Qh4 21. Qg2 Be6
22. Bf2 Qf6 23. f5 gxf5 24. Bd4 Qg5 25. gxf5 Qxg2+ 26. Bxg2 Bxf5 27. Bxc5 dxc5
28. Rxf5 Rxf5 29. Be4 Rg8+ 30. Kh1 Rg5 31. Rd1 Kg8 32. Bxf5 Rxf5 33. Kg2 Rf7 34.
Kg3 Kg7 35. Rd2 Kg6 36. a4 Rf1 37. a5 Rc1 38. Rd3 bxa5 39. Rd7 Rxc3+ 40. Kf2
Rxc4 41. Rxc7 a4 42. Rxa7 Kf5 43. Rh7 a3 44. Rxh6 Ra4 45. Rh5+ Ke6 46. Rxc5 a2
{White resigns} 0-1

[Event "Team 45 45 League T88"]
[Site "Internet Chess Club"]
[Date "2021.05.30"]
[Round "8"]
[White "Beetlejuice"]
[Black "MathBandit"]
[Result "0-1"]
[WhiteElo "1703"]
[BlackElo "1723"]
[Opening "Queen's pawn game"]
[ECO "D02"]
[Time "09:00:40"]
[TimeControl "2700+45"]

1. d4 d5 2. Nf3 e6 3. e3 c5 4. c3 Nc6 5. Bd3 Bd7 6. O-O Nf6 7. Nbd2 Bd6 8. Qe2
Qc7 9. dxc5 Bxc5 10. e4 O-O 11. exd5 Nxd5 12. Nb3 Bd6 13. Bc2 Rfe8 14. Nbd4 Nxd4
15. Nxd4 Bxh2+ 16. Kh1 Bd6 17. Qe4 Nf6 18. Qh4 Be7 19. Re1 Rad8 20. Bf4 Qb6 21.
Be5 h6 22. Qg3 Qxb2 23. Reb1 Qa3 24. Rxb7 Qa6 25. Qf3 Nd5 26. Rb2 Bd6 27. Bxd6
Qxd6 28. Rab1 Rb8 29. Nb3 Rec8 30. Qd3 g6 31. c4 Rb4 32. cxd5 Rh4+ 33. Kg1 Qh2+
34. Kf1 exd5 35. Qg3 Qxg3 36. fxg3 Rh1+ 37. Ke2 Rxc2+ 38. Rxc2 Rxb1 39. Ke3 Kg7
40. Rc7 Be6 41. Rxa7 Kf6 42. Nd4 Rb2 43. Kf3 h5 44. Nxe6 fxe6 45. a4 Ra2 46. a5
Ke5 47. a6 d4 48. Ra8 g5 49. g4 Ra3+ 50. Ke2 hxg4 51. a7 Ke4 52. Re8 Rxa7 53.
Rxe6+ Kf5 54. Rd6 Ra4 55. Rd8 Ra2+ 56. Kf1 Ke4 57. Rg8 d3 58. Re8+ Kf4 59. Rd8
Ra1+ 60. Kf2 g3# {White checkmated} 0-1

[Event "Team 45 45 League T88"]
[Site "Internet Chess Club"]
[Date "2021.05.30"]
[Round "8"]
[White "MrAbendroth"]
[Black "CPTsopiens"]
[Result "0-1"]
[WhiteElo "1684"]
[BlackElo "1748"]
[Opening "Ruy Lopez: 5.O-O"]
[ECO "C78"]
[Time "09:03:12"]
[TimeControl "2700+45"]

1. e4 e5 2. Nf3 Nc6 3. Bb5 a6 4. Ba4 Nf6 5. O-O b5 6. Bb3 Bc5 7. c3 d6 8. d4 Bb6
9. a4 Rb8 10. axb5 axb5 11. Bg5 h6 12. Bh4 Bg4 13. d5 Na5 14. Bc2 g5 15. Bg3 Nh5
16. Qd3 Qd7 17. Nbd2 O-O 18. Bxe5 f5 19. Bd4 fxe4 20. Nxe4 Nf4 21. Qd2 Bxf3 22.
gxf3 Qh3 23. Qxf4 Rxf4 24. Nf6+ Kf7 25. Ne4 Rh4 26. Rfe1 Qxh2+ 27. Kf1 Bxd4 28.
cxd4 Nc4 29. Ng3 Rxd4 30. Ne4 Re8 31. Ra7 Rd2 32. Rxc7+ Kf8 33. Rf7+ Kxf7 {White
forfeits on time} 0-1

[Event "Team 45 45 League T88"]
[Site "Internet Chess Club"]
[Date "2021.05.30"]
[Round "8"]
[White "fvafier"]
[Black "Redman1"]
[Result "0-1"]
[WhiteElo "1516"]
[BlackElo "1560"]
[Opening "Queen's Indian: 4.e3"]
[ECO "E14"]
[Time "10:00:11"]
[TimeControl "2700+45"]

1. d4 Nf6 2. Nf3 e6 3. c4 b6 4. e3 Bb7 5. Bd3 Bb4+ 6. Nbd2 O-O 7. O-O d6 8. b3
Nbd7 9. Bb2 c5 10. a3 Bxd2 11. Nxd2 e5 12. d5 Re8 13. e4 Nf8 14. b4 Ng6 15. bxc5
bxc5 16. Rb1 Nf4 17. Bc2 Bc8 18. Re1 N6h5 19. Nf3 Qf6 20. Kh1 Bg4 21. h3 Nxh3
22. Qd2 Bxf3 23. gxf3 Qxf3+ 24. Kh2 N5f4 25. Rg1 Nxg1 26. Rxg1 Qh3# {White
checkmated} 0-1

[Event "Team 45 45 League T88"]
[Site "Internet Chess Club"]
[Date "2021.05.30"]
[Round "8"]
[White "Sloggi"]
[Black "harishbn"]
[Result "1/2-1/2"]
[WhiteElo "1928"]
[BlackElo "2006"]
[Opening "Pirc: classical (two knights) system"]
[ECO "A45"]
[Time "10:02:11"]
[TimeControl "2700+45"]

1. d4 Nf6 2. Nc3 g6 3. Nf3 Bg7 4. e4 d6 5. Bg5 O-O 6. Qd2 c6 7. O-O-O d5 8. Qf4
dxe4 9. Nxe4 Nxe4 10. Qxe4 Re8 11. h4 Qd5 12. Qxd5 cxd5 13. Bb5 Bd7 14. Bxd7
Nxd7 15. Rhe1 e6 16. g4 Rac8 17. Kb1 b5 18. Bf4 b4 19. Ne5 Nxe5 20. Bxe5 Bxe5
21. Rxe5 a5 22. Re3 Rc6 23. f4 Rec8 24. Rd2 h6 25. Rg3 Kg7 26. Re3 Rh8 27. a3 h5
28. g5 Rhc8 29. Rf3 Kf8 {Game drawn by mutual agreement} 1/2-1/2

[Event "Team 45 45 League T88"]
[Site "Internet Chess Club"]
[Date "2021.05.30"]
[Round "8"]
[White "ArturitoGalacti"]
[Black "Tufnell"]
[Result "0-1"]
[WhiteElo "1794"]
[BlackElo "1859"]
[Opening "English opening"]
[ECO "A10"]
[Time "16:01:49"]
[TimeControl "2700+45"]

1. c4 g6 2. Nc3 Bg7 3. g3 Nf6 4. e4 d6 5. Bg2 c5 6. Nge2 Nc6 7. d3 O-O 8. O-O
Rb8 9. h3 a6 10. a4 Ne8 11. Be3 Nc7 12. d4 cxd4 13. Nxd4 Ne6 14. Nde2 Bd7 15.
Rb1 Na5 16. b3 b5 17. cxb5 axb5 18. axb5 Bxb5 19. Nxb5 Rxb5 20. Qd3 Qb8 21. b4
Rxb4 22. Rxb4 Qxb4 23. Rb1 Qc4 24. Qd2 Nc6 25. Rc1 Qa6 26. Nf4 Nxf4 27. gxf4 Nd8
28. Bf1 Qa4 29. Bc4 Ne6 30. Bxe6 fxe6 31. Qc2 Qxc2 32. Rxc2 Ra8 33. Rc7 Kf7 34.
Kg2 Ra4 35. Kf3 h5 36. Rb7 Ra3 37. Rb5 Bd4 38. Rg5 Bf6 39. Rb5 Bc3 40. Kg2 Ra5
41. Rb3 Ba1 42. Rd3 Bb2 43. Rb3 Ba3 44. Bd2 Ra4 45. Rd3 Bc5 46. f3 Rd4 47. Rxd4
Bxd4 48. Kf1 Ke8 49. Ke2 Kd7 50. Kd3 Bf2 51. Ke2 Bh4 52. Kd3 Kc6 53. Kc4 d5+ 54.
Kb4 Bf2 55. Bc1 Bc5+ 56. Kc3 Kb5 57. Kd3 Ka4 58. Bb2 Kb3 59. Bd4 Bd6 60. Be3 Bc7
61. Bc5 dxe4+ 62. Kxe4 Bd6 63. Bf2 Kc2 64. Bh4 Kd2 65. Bg5 Ke2 66. Bh4 Kf1 67.
Bg5 Kf2 68. h4 Ke2 69. Bh6 Kf2 70. Bg5 Kg3 71. Ke3 Ba3 72. Ke4 Bc1 73. Bxe7 Bxf4
74. Bf6 Bd6 75. Bg5 Kh3 76. f4 Kg4 77. Ke3 Bc5+ 78. Ke2 Bd4 79. Kd3 Bf2 80. Ke4
Bxh4 81. Bh6 Bf6 82. Ke3 h4 83. Kf2 Be7 84. Kg2 Bd6 {White resigns} 0-1

[Event "Team 45 45 League T88"]
[Site "Internet Chess Club"]
[Date "2021.05.30"]
[Round "8"]
[White "room-matt"]
[Black "gera-carp75"]
[Result "1/2-1/2"]
[WhiteElo "1841"]
[BlackElo "1829"]
[Opening "French: Burn variation"]
[ECO "C11"]
[Time "11:12:14"]
[TimeControl "2700+45"]

1. e4 e6 2. d4 d5 3. Nc3 Nf6 4. Bg5 dxe4 5. Nxe4 Be7 6. Bxf6 gxf6 7. Nf3 f5 8.
Ng3 c5 9. c3 cxd4 10. Nxd4 a6 11. Bc4 Qc7 12. Qe2 Nc6 13. Rd1 Nxd4 14. Rxd4 O-O
15. O-O b5 16. Bb3 Bb7 17. Rfd1 Qc6 18. Bd5 exd5 19. Qxe7 Rae8 20. Qg5+ Kh8 21.
Qxf5 Qg6 22. h3 Qxf5 23. Nxf5 Re5 24. Nd6 Bc6 25. Kf1 f5 26. g4 fxg4 27. hxg4 h5
28. Re1 Rxe1+ 29. Kxe1 hxg4 30. Rxg4 Rf6 31. Nc8 Bd7 32. Rh4+ Kg7 33. Na7 Rb6
34. Rd4 Rb7 35. Rxd5 Rxa7 36. Rd6 Kf7 37. b3 Ke7 38. Rh6 Kd8 39. f4 Kc7 40. Rf6
Ra8 41. Kf2 a5 42. Rf7 Rh8 43. Ke3 Rh2 44. a3 Ra2 45. a4 Ra3 46. axb5 Rxb3 47.
Kd4 Rxb5 48. c4 Rb1 49. c5 a4 50. Rf8 a3 51. Ra8 Rb4+ 52. Kc3 Ra4 53. Rxa4 Bxa4
54. f5 Kc6 55. f6 Kd7 56. f7 Ke7 57. c6 Bxc6 58. f8=Q+ Kxf8 59. Kb3 Bd5+ 60.
Kxa3 {Game drawn because neither player has mating material} 1/2-1/2

[Event "Team 45 45 League T88"]
[Site "Internet Chess Club"]
[Date "2021.05.29"]
[Round "8"]
[White "MathBandit"]
[Black "fhunfi"]
[Result "1-0"]
[WhiteElo "1706"]
[BlackElo "1703"]
[Opening "French defense"]
[ECO "C00"]
[Time "10:32:05"]
[TimeControl "2700+45"]

1. e4 e6 2. Nf3 d5 3. e5 Ne7 4. d4 c5 5. c3 Nec6 6. Bd3 b6 7. Bd2 Ba6 8. Bxa6
Nxa6 9. Na3 Nc7 10. Nc2 Be7 11. O-O O-O 12. Qe2 Rc8 13. Rae1 Qd7 14. Ne3 cxd4
15. cxd4 f6 16. Ng4 f5 17. Ne3 Nd8 18. h4 Nf7 19. g3 Qb5 20. Qxb5 Nxb5 21. a4
Nc7 22. Ng2 Nh6 23. Nf4 Kf7 24. Rc1 Na6 25. Nd3 Ng8 26. Kg2 h6 27. h5 Rfe8 28.
Kh3 Bf8 29. Nf4 Ne7 30. Ng1 Nc6 31. Nge2 Rc7 32. Ng6 Bb4 33. Bxb4 Naxb4 34. f4
Rec8 35. g4 fxg4+ 36. Kxg4 Ne7 37. Rxc7 Rxc7 38. Nxe7 Kxe7 39. f5 exf5+ 40. Kxf5
Rc2 41. Nf4 Rxb2 42. Kg6 Rd2 43. Kxg7 Rxd4 44. Kxh6 Nc6 45. Ng6+ Kd7 46. Kg7
Rxa4 47. h6 Rg4 48. h7 Nxe5 49. h8=Q Rxg6+ 50. Kf8 Ke6 51. Qh3+ Kd6 52. Qh2 Ke6
53. Re1 Rg5 54. Qh6+ {Black resigns} 1-0

[Event "Team 45 45 League T88"]
[Site "Internet Chess Club"]
[Date "2021.05.31"]
[Round "8"]
[White "Redman1"]
[Black "nidusin2"]
[Result "1-0"]
[WhiteElo "1581"]
[BlackElo "1654"]
[Opening "French defense"]
[ECO "C01"]
[Time "08:00:11"]
[TimeControl "2700+45"]

1. e4 e6 2. d4 b6 3. Bd3 Bb7 4. Nf3 Nf6 5. Qe2 Bb4+ 6. c3 Be7 7. O-O O-O 8. Re1
d6 9. e5 dxe5 10. dxe5 Nfd7 11. Nbd2 Re8 12. Ne4 Nf8 13. Bg5 h6 14. Be3 Nbd7 15.
Rad1 Qc8 16. Qd2 Ng6 17. Bxh6 gxh6 18. Qxh6 Bf8 19. Qh5 Bg7 20. Nf6+ Nxf6 21.
exf6 Bxf6 22. Bxg6 fxg6 23. Qxg6+ Bg7 24. Ng5 Re7 25. Nxe6 c5 26. Rd3 Qe8 27.
Qg4 Qf7 28. Rde3 Rae8 29. Nxg7 Kf8 30. Nxe8 {Black resigns} 1-0

[Event "Team 45 45 League T88"]
[Site "Internet Chess Club"]
[Date "2021.05.29"]
[Round "8"]
[White "Insan996"]
[Black "borfin"]
[Result "0-1"]
[WhiteElo "1573"]
[BlackElo "1592"]
[Opening "QGD Slav defense: exchange variation"]
[ECO "D13"]
[Time "22:22:56"]
[TimeControl "2700+45"]

1. d4 d5 2. c4 c6 3. cxd5 cxd5 4. Nc3 Nf6 5. Nf3 Nc6 6. Bf4 a6 7. Ne5 Qb6 8. e3
Qxb2 9. Rc1 Nxe5 10. Bxe5 e6 11. Bxf6 gxf6 12. Rc2 Qb6 13. Bd3 Bd7 14. O-O Bd6
15. Qd2 Bc6 16. Rb2 Qc7 17. g3 h5 18. Rc2 h4 19. Rfc1 hxg3 20. fxg3 Bxg3 21. Qg2
Rxh2 22. Qf3 Rxc2 23. Rxc2 Ke7 24. Rg2 Bh4 25. Rg7 Bg5 26. Bg6 Be8 27. Ne2 Qa5
28. Kf1 Kf8 29. Qh5 Kxg7 30. Qh7+ Kf8 31. Qh8+ Ke7 32. Qg7 Qd2 33. Bh5 Qxe3 34.
Qg8 Qh3+ 35. Ke1 Qxh5 {White resigns} 0-1

[Event "Team 45 45 League T88"]
[Site "Internet Chess Club"]
[Date "2021.05.31"]
[Round "8"]
[White "Chess4Him"]
[Black "fireball"]
[Result "0-1"]
[WhiteElo "1526"]
[BlackElo "1551"]
[Opening "Queen's pawn: London system"]
[ECO "A45"]
[Time "11:00:29"]
[TimeControl "2700+45"]

1. d4 Nf6 2. Bf4 c5 3. d5 b5 4. c4 d6 5. cxb5 g6 6. Nc3 Bg7 7. e4 a6 8. bxa6
Nxa6 9. Bb5+ Nd7 10. Nf3 Qb6 11. Rb1 O-O 12. Nd2 Nf6 13. Nc4 Qb8 14. O-O Nxe4
15. Bc6 Nxc3 16. bxc3 Qa7 17. Bxa8 Qxa8 18. Nb6 Qa7 19. Qb3 Bf5 20. Rb2 Rb8 21.
Be3 Nb4 22. cxb4 Rxb6 23. a3 Bxb2 24. Qxb2 Qa4 25. Rc1 Rb5 26. Bd2 c4 27. Rxc4
Qd1+ {White resigns} 0-1

[Event "Team 45 45 League T88"]
[Site "Internet Chess Club"]
[Date "2021.05.29"]
[Round "8"]
[White "smsxman"]
[Black "oldsj"]
[Result "0-1"]
[WhiteElo "1338"]
[BlackElo "1399"]
[Opening "Sicilian: closed, 2...Nc6"]
[ECO "B23"]
[Time "12:02:22"]
[TimeControl "2700+45"]

1. e4 c5 2. Nc3 Nc6 3. Bb5 Nf6 4. Nf3 a6 5. Bxc6 bxc6 6. d3 e6 7. O-O d6 8. Re1
Be7 9. Ng5 h6 10. Nf3 O-O 11. e5 Nd5 12. Nxd5 cxd5 13. d4 cxd4 14. Qxd4 dxe5 15.
Nxe5 Bf6 16. Bf4 Bb7 17. Rad1 Rc8 18. Qd2 Bxe5 19. Bxe5 f6 20. Bg3 e5 21. h3 Qb6
22. b3 Rfd8 23. c3 Qc6 24. Rc1 d4 25. f3 dxc3 26. Qe3 Rd2 27. Re2 Rxe2 28. Qxe2
Qd5 29. Rc2 Qb5 30. Qe3 Qb4 31. Be1 Qd4 32. Kf2 Kf7 33. Bxc3 Qxe3+ 34. Kxe3 Ke6
35. Kd2 Bd5 36. Kc1 g6 37. Kb2 Rc5 38. Rd2 h5 39. Re2 Bc6 40. Re3 Kf5 41. g3 e4
42. f4 Ke6 43. h4 f5 44. Bd4 Rd5 45. Kc3 Rd7 46. a3 Bb5 47. b4 Bd3 48. a4 Rc7+
49. Bc5 a5 50. Kb3 axb4 51. Bxb4 Bc2+ 52. Ka3 Bd3 53. a5 Ba6 54. Kb3 Rc4 55. Bc3
Kd5 56. Kb2 Kc5 57. Re1 Ra4 58. Re3 Bd3 59. Kb3 Kb5 60. Re1 Bc4+ 61. Kc2 Ra2+
62. Bb2 Rxa5 63. Re3 Bd3+ 64. Kc3 Ra4 65. Kb3 Rb4+ 66. Ka3 Ra4+ 67. Kb3 Rb4+ 68.
Ka3 Rc4 69. Re1 Ra4+ 70. Kb3 Rb4+ 71. Ka3 Ra4+ 72. Kb3 Rb4+ 73. Ka3 Rc4 74. Re3
Rc2 75. Bd4 Kc4 76. Bb2 Re2 77. Bc1 Rxe3 78. Bxe3 Bf1 79. Kb2 Kd3 80. Bg1 Kd2
{White resigns} 0-1

[Event "Team 45 45 League T88"]
[Site "Internet Chess Club"]
[Date "2021.05.31"]
[Round "8"]
[White "harrington"]
[Black "Portola"]
[Result "1-0"]
[WhiteElo "1566"]
[BlackElo "1655"]
[Opening "French: Rubinstein variation"]
[ECO "C10"]
[Time "14:00:52"]
[TimeControl "2700+45"]

1. e4 e6 2. d4 d5 3. Nc3 dxe4 4. Nxe4 Be7 5. Nf3 Nd7 6. Bd3 Ngf6 7. c3 O-O 8.
Qe2 b6 9. O-O Bb7 10. Bf4 Nxe4 11. Bxe4 Bxe4 12. Qxe4 c5 13. Rad1 cxd4 14. Nxd4
Qc8 15. Qf3 Re8 16. Rfe1 a6 17. Nc6 Bf6 18. Bd6 Nf8 19. b4 Ng6 20. c4 Nh4 21.
Qe4 Nf5 22. c5 bxc5 23. bxc5 a5 24. Rb1 Ne7 25. Nxe7+ Bxe7 26. Rb7 Bf6 27. c6
Rd8 28. Bg3 Rd4 29. Qc2 e5 30. Bxe5 Bxe5 31. Rxe5 Qxc6 32. Rbe7 Rc4 33. Qxc4
{Black resigns} 1-0

[Event "Team 45 45 League T88"]
[Site "Internet Chess Club"]
[Date "2021.05.30"]
[Round "8"]
[White "justice02"]
[Black "Electryon"]
[Result "1-0"]
[WhiteElo "1686"]
[BlackElo "1402"]
[Opening "French: Schlechter variation"]
[ECO "C01"]
[Time "22:45:11"]
[TimeControl "2700+45"]

1. e4 e6 2. d4 d5 3. Bd3 dxe4 4. Bxe4 Nf6 5. Bd3 c5 6. dxc5 Bxc5 7. Nf3 O-O 8.
O-O b6 9. Bg5 Bb7 10. Nc3 Nbd7 11. a3 h6 12. Bd2 Qc7 13. b4 Be7 14. Nb5 Qc6 15.
Nbd4 Qc7 16. Qc1 Ne5 17. Nxe5 Qxe5 18. c3 Bd6 19. f4 Qd5 20. Rf3 Qh5 21. Rh3 Qd5
22. Qf1 a6 23. Qf2 e5 24. Nf5 exf4 25. Bxf4 Bxf4 26. Ne7+ Kh8 27. Nxd5 Nxd5 28.
Be4 Be3 29. Rxe3 Nxe3 30. Qxe3 Rfe8 31. Qxb6 Bxe4 32. Re1 Re6 33. Qa5 Rc8 34.
Re3 Rce8 35. c4 Bc2 36. Rxe6 Rxe6 37. Qd8+ Kh7 38. Qd2 Ba4 39. c5 Rc6 40. Qf4
Rf6 41. Qe4+ Kg8 42. g3 Bb5 43. Qe1 Re6 44. Qd1 Be2 45. Qd8+ Kh7 46. a4 Rf6 47.
Qd2 Bc4 48. Qc2+ {Black resigns} 1-0

[Event "Team 45 45 League T88"]
[Site "Internet Chess Club"]
[Date "2021.05.27"]
[Round "8"]
[White "tryanything"]
[Black "rubo"]
[Result "1/2-1/2"]
[WhiteElo "1463"]
[BlackElo "1524"]
[Opening "Caro-Kann: two knights, 3...Bg4"]
[ECO "B10"]
[Time "19:24:28"]
[TimeControl "2700+45"]

1. e4 c6 2. Nf3 d5 3. Nc3 Bg4 4. Be2 Nf6 5. h3 Bxf3 6. Bxf3 d4 7. Ne2 e5 8. d3
Be7 9. O-O O-O 10. Ng3 Re8 11. Be2 Qc7 12. Nf5 Bf8 13. f4 Nbd7 14. fxe5 Qxe5 15.
Bf4 Qc5 16. a3 a5 17. Rb1 a4 18. Kh1 Ne5 19. Rc1 Ng6 20. Bh2 Re6 21. Bg1 Ne7 22.
Nxd4 Nxe4 23. dxe4 Rd6 24. c3 Qg5 25. Qc2 Rg6 26. Bf3 c5 27. Nf5 Nxf5 28. exf5
Rd6 29. Rcd1 Rad8 30. Rxd6 Rxd6 31. Rd1 Rxd1 32. Bxd1 b5 33. Qe4 g6 34. fxg6
hxg6 35. Bf3 Qc1 36. Qe2 c4 37. Bc6 Bc5 {Game drawn by mutual agreement} 1/2-1/2

[Event "Team 45 45 League T88"]
[Site "Internet Chess Club"]
[Date "2021.05.30"]
[Round "8"]
[White "nosir"]
[Black "clarinetref"]
[Result "0-1"]
[WhiteElo "1416"]
[BlackElo "1497"]
[Opening "Queen's pawn: London system"]
[ECO "A45"]
[Time "08:32:11"]
[TimeControl "2700+45"]

1. d4 Nf6 2. Bf4 g6 3. Nc3 d6 4. e4 Nbd7 5. e5 dxe5 6. dxe5 Nh5 7. Be3 Bg7 8. f4
Bh6 9. Nge2 O-O 10. g4 Ng7 11. g5 Nf5 12. Bf2 Bg7 13. Ng3 Nb6 14. Bd3 Nd4 15.
Bxd4 Qxd4 16. Nge2 Qd8 17. Ng3 Bd7 18. h4 Bc6 19. Rh2 Qd4 20. Qg4 Qg1+ 21. Kd2
Qxh2+ 22. Nce2 Qg2 23. Rf1 Qd5 24. b3 Rad8 25. h5 Qa5+ 26. Nc3 Nd5 27. Ne2 Nxc3
28. Nxc3 Bd7 29. Qh4 Bf5 30. hxg6 fxg6 31. Rf3 Kf7 32. Re3 e6 33. a4 Qb4 34. Qf2
Rd4 35. Qf3 Rxf4 36. Qg3 Rd8 37. Qe1 Rg4 38. Rh3 Rg2+ 39. Kc1 Bxh3 40. Qf1+ Kg8
41. Bc4 Rxc2+ {White resigns} 0-1

[Event "Team 45 45 League T88"]
[Site "Internet Chess Club"]
[Date "2021.05.28"]
[Round "8"]
[White "dabodhi"]
[Black "Gojira"]
[Result "1-0"]
[WhiteElo "1610"]
[BlackElo "1506"]
[Opening "Sicilian: Hungarian variation"]
[ECO "B27"]
[Time "21:05:47"]
[TimeControl "2700+45"]

1. e4 c5 2. Nf3 g6 3. d4 cxd4 4. Qxd4 Nf6 5. Nc3 Nc6 6. Qa4 d6 7. e5 dxe5 8.
Nxe5 Bg7 9. Bb5 O-O 10. Nxc6 bxc6 11. Bxc6 Rb8 12. O-O Bf5 13. Bf3 Qc7 14. Rb1
Bd7 15. Qh4 Qa5 16. a3 Rfc8 17. Bf4 Rc4 18. Qg5 Bf5 19. Bxb8 {Black resigns} 1-0

[Event "Team 45 45 League T88"]
[Site "Internet Chess Club"]
[Date "2021.05.28"]
[Round "8"]
[White "cap78red"]
[Black "GoIrish"]
[Result "1/2-1/2"]
[WhiteElo "1440"]
[BlackElo "1470"]
[Opening "English opening"]
[ECO "A16"]
[Time "10:06:39"]
[TimeControl "2700+45"]

1. c4 Nf6 2. Nc3 g6 3. e4 d6 4. f4 Bg7 5. Nf3 Nbd7 6. Be2 O-O 7. O-O e5 8. d3 c6
9. h3 a5 10. g4 h6 11. Be3 Nh7 12. f5 gxf5 13. gxf5 Ng5 14. Nxg5 hxg5 15. Bh5
Bh6 16. h4 Qf6 17. Qg4 Kh8 18. Bxg5 Qg7 19. Kh1 Nf6 20. Bxf6 Qxf6 21. Qh3 Bd7
22. Ne2 Rg8 23. Rg1 b5 24. Rxg8+ Rxg8 25. Rg1 Rxg1+ 26. Kxg1 bxc4 27. dxc4 d5
28. cxd5 cxd5 29. Bf3 dxe4 30. Bxe4 Qb6+ 31. Kf1 Qxb2 32. Qc3 Qxc3 33. Nxc3 Kg7
34. Nd5 Bf4 35. Kg2 Bd2 36. Kf3 Bb5 37. Kg4 a4 38. f6+ Kh6 39. Kf5 Bd7+ 40. Kxe5
Be1 41. Nb6 Bg3+ 42. Kd5 Be6+ 43. Kc6 a3 44. Bd5 Bxd5+ 45. Nxd5 Bxh4 46. Kb5 Bg3
47. Ka4 Bd6 48. Nb4 Kg6 49. Kxa3 Kxf6 50. Kb3 Kg5 51. a4 f5 52. Nd3 f4 53. Nxf4
Kxf4 54. Kc4 Bc7 55. Kb5 Ke4 56. a5 Bxa5 {Game drawn because neither player has
mating material} 1/2-1/2

[Event "Team 45 45 League T88"]
[Site "Internet Chess Club"]
[Date "2021.05.30"]
[Round "8"]
[White "arconia"]
[Black "CMAlge"]
[Result "0-1"]
[WhiteElo "1160"]
[BlackElo "1303"]
[Opening "Four knights game"]
[ECO "C47"]
[Time "15:00:44"]
[TimeControl "2700+45"]

1. e4 e5 2. Nf3 Nc6 3. Nc3 Nf6 4. d3 h6 5. Be2 d5 6. O-O d4 7. Nb1 Be7 8. h3 Be6
9. Nh2 Bd6 10. c3 Nh7 11. f4 exf4 12. Bxf4 Ng5 13. cxd4 Bxh3 14. e5 Be7 15. Be3
Be6 16. Nc3 Nxd4 17. Qa4+ Nc6 18. Rad1 O-O 19. d4 Bd7 20. Nd5 Nxe5 21. Qc2 Nc6
22. Ng4 h5 23. Nxe7+ Qxe7 24. Ne5 Nxe5 25. Bxg5 Qxg5 26. dxe5 Bc6 27. Bf3 Bxf3
28. Rxf3 Qxe5 29. Rdf1 b6 30. Rf5 Qd4+ 31. R1f2 Rad8 32. Rxh5 Qd1+ 33. Qxd1
Rxd1+ 34. Kh2 Re8 35. Rhf5 f6 36. g4 Ree1 37. g5 Rh1+ 38. Kg3 Rdg1+ 39. Kf4 Rh4+
40. Ke3 Rxg5 41. Rxg5 fxg5 42. Rd2 Rh3+ 43. Ke4 g4 44. Kf4 Rh4 45. Kg5 Rh6 46.
Kxg4 Rd6 47. Rc2 c5 48. Kf5 Kf7 49. Ke5 Ke7 50. Rc4 Rd4 51. Rxd4 cxd4 52. Kxd4
Kd6 53. b4 g5 54. Ke4 b5 55. Kf5 Kd5 56. Kxg5 Kc4 57. Kf4 Kxb4 58. Ke4 Kc4 59.
Ke5 a5 60. a3 b4 61. a4 b3 62. Kd6 b2 {White resigns} 0-1